 Dungeon Crawl Stone Soup version 0.17-a0-1830-g81820eb (webtiles) character file.

125 TruthSerum the Skirmisher (level 4, 0/42 HPs)
             Began as a Minotaur Fighter on Sept 13, 2015.
             Was an Initiate of Okawaru.
             Slain by an orc priest (1 damage)
             ... on level 3 of the Dungeon.
             The game lasted 00:05:24 (1076 turns).

TruthSerum the Skirmisher (Minotaur Fighter)        Turns: 1076, Time: 00:05:24

Health: 0/42       AC:  6    Str: 20    XL:     4   Next: 82%
Magic:  3/3        EV:  7    Int:  5    God:    Okawaru [......]
Gold:   82         SH:  9    Dex: 11    Spells: 0 memorised, 3 levels left

rFire  . . .     SeeInvis .     a - +0 long sword
rCold  . . .     Clarity  .     b - +0 scale mail
rNeg   . . .     SustAt   .     c - +0 shield
rPois  .         Gourm    .     (helmet restricted)
rElec  .         Spirit   .     (no cloak)
rCorr  .         Warding  .     (no gloves)
rMut   .         Stasis   .     (no boots)
MR     .....                    (no amulet)
Stlth  ..........               (no ring)
                                (no ring)

@: not resistant to hostile enchantments, extremely unstealthy
A: retaliatory headbutt, horns 2
a: Renounce Religion


You were on level 3 of the Dungeon.
You worshipped Okawaru.
Okawaru was noncommittal.
You were not hungry.

You visited 1 branch of the dungeon, and saw 3 of its levels.

You collected 82 gold pieces.

Inventory:

Hand weapons
 a - a +0 long sword (weapon)
Armour
 b - a +0 scale mail (worn)
 c - a +0 shield (worn)
Scrolls
 i - a scroll of fear {unknown}
 j - a scroll of recharging {unknown}
 m - 2 scrolls of teleportation {unknown}
 p - a scroll of identify {unknown}
Potions
 d - a potion of might
 l - 2 potions of heal wounds
 n - a potion of curing {unknown}
 o - a potion of magic {unknown}
Comestibles
 e - 3 bread rations
 f - 6 chunks of flesh
 g - 3 fruits
 h - a meat ration
 k - a beef jerky


   Skills:
 + Level 5.3 Fighting
 + Level 4.7 Long Blades
 - Level 3.6 Armour
 - Level 3.6 Shields


You had 3 spell levels left.
You didn't know any spells.

Dungeon Overview and Level Annotations

Branches:
Dungeon (3/15)

Altars:
Okawaru


Innate Abilities, Weirdness & Mutations

You reflexively headbutt those who attack you in melee.
You have a pair of horns on your head.


Message History

Pain shoots through your body! The orc priest hits you.
* * * LOW HITPOINT WARNING * * *
Items here: ( )) [ a flail; a club; 2 tomahawks; a scale mail You are too injured to fight recklessly!
You are too injured to fight recklessly!
You are too injured to fight recklessly!
You hit the orc priest. Your headbutt misses the orc priest.
The orc priest is heavily wounded.
The orc priest calls down the wrath of Beogh upon you.
Something smites you!
* * * LOW HITPOINT WARNING * * *
You hit the orc priest.
The orc priest is almost dead.
The orc priest hits you but does no damage.
You closely miss the orc priest.
The orc priest is almost dead.
The orc priest hits you.
You die...

###############
#...o@...(.(..#
#.###########.#
#.# #####.#
#.....# #.#####
#.# #.### #...#


You could see an orc priest.

Vanquished Creatures
  Ijyb (D:2)
  Jessica (D:2)
  2 adders (D:2)
  2 worms
  A giant gecko (D:1)
  3 orcs (D:3)
  5 bats
  A giant cockroach (D:3)
  5 goblins (D:2)
  2 hobgoblins (D:1)
  6 kobolds
  2 quokkas
  2 ball pythons
  2 giant newts
  5 jackals
  3 rats
43 creatures vanquished.

Notes
Turn   | Place    | Note
--------------------------------------------------------------
     0 | D:1      | TruthSerum the Minotaur Fighter began the quest for the Orb.
     0 | D:1      | Reached XP level 1. HP: 19/19 MP: 0/0
    61 | D:1      | Reached skill level 4 in Fighting
    61 | D:1      | Reached XP level 2. HP: 18/27 MP: 1/1
   386 | D:2      | Noticed Jessica
   389 | D:2      | Killed Jessica
   389 | D:2      | Reached XP level 3. HP: 27/34 MP: 2/2
   444 | D:2      | Found an iron altar of Okawaru.
   447 | D:2      | Noticed Ijyb
   465 | D:2      | Killed Ijyb
   465 | D:2      | Reached skill level 5 in Fighting
   465 | D:2      | Reached XP level 4. HP: 26/42 MP: 3/3
   474 | D:2      | Became a worshipper of Warmaster Okawaru
  1074 | D:3      | HP: 1/42 [orc priest/divine providence (11)]
  1076 | D:3      | Slain by an orc priest

Vault maps used:
D:1:      eino_arrival_tree_alley, serial_forest, infiniplex_forest_clump_C,
          infiniplex_forest_clump_cross, infiniplex_forest_clump_curved,
          infiniplex_forest_straight_2, infiniplex_forest_straight_5
D:2:      okawaru_gym_becter, uniq_jessica, uniq_iyjb

Action                   |  1- 3 |  4- 6 || total
-------------------------+-------+-------++-------
Melee: Long sword        |    51 |    75 ||   126
  Use: Potion            |     2 |       ||     2
  Eat: Chunk             |       |     1 ||     1
